Map: Ascension to Aiur LE

Players

SamuraiFunn - Winner!

  • Race: Protoss Protoss
  • Spawn Location: 11:00

A.I. 1 (Elite)

  • Race: Zerg Zerg
  • Spawn Location: 5:00

VOD

Have the link to the VOD?

Description

Time

  • Played on: Nov. 24, 2017, 2:26 p.m.
  • Length: 7:49
Show
View Real Time Build Order
Export as new Build Order

SamuraiFunn Protoss - Winner!

Build Orders: Dark Templar Rush 

Get SALT Encoding   

  12  0:03  Probe  
  13  0:15  Probe  
  14  0:22  Pylon  
  14  0:27  Probe  
  15  0:40  Probe  
  16  0:45  Gateway  
  16  0:52  Probe  
  17  0:59  Assimilator  
  17  1:04  Probe  
  18  1:17  Probe  
  19  1:29  Probe  
  20  1:32  Zealot  
  20  1:37  Cybernetics Core  
  22  1:43  Pylon  
  22  1:46  Probe  
  23  1:52  Assimilator  
  23  2:01  Probe  
  23  2:03  Nexus  
  24  2:14  Probe  
  25  2:20  Twilight Council  
  25  2:22  Assimilator  
  25  2:31  Probe  
  26  2:43  Pylon  
  27  2:51  Probe  
  27  3:05  Dark Shrine  
  27  3:13  Pylon, Warp Gate (Chrono Boost)  
  27  3:15  Probe  
  28  3:27  Probe  
  28  3:36  Assimilator  
  28  3:38  Gateway x2  
  28  3:41  Gateway  
  28  3:44  Probe x2  
  30  3:56  Probe x2  
  32  4:13  Probe x2  
  35  4:31  Probe x2  
  35  4:37  Pylon  
  36  4:43  Probe x2  
  38  4:55  Probe x2  
  40  5:07  Probe x2  
  40  5:11  Dark Templar x4  
  40  5:12  Pylon  
  50  5:19  Probe  
  50  5:20  Probe  
  52  5:29  Shadow Stride (Chrono Boost)  
  52  5:31  Probe  
  52  5:32  Probe  
  54  5:38  Gateway  
  54  5:40  Gateway  
  54  5:41  Gateway  
  54  5:44  Probe x2  
  54  6:02  Dark Templar x2  
  54  6:03  Dark Templar x2  
  62  6:35  Dark Templar x3  
  62  6:36  Dark Templar  
  70  6:48  Pylon  
  70  7:15  Dark Templar x4  
Show
View Real Time Build Order
Export as new Build Order

A.I. 1 (Elite) Zerg 

Build Orders: Pool First 

Get SALT Encoding   

  12  0:00  Drone  
  13  0:12  Overlord  
  13  0:17  Drone  
  14  0:30  Drone x2  
  16  0:42  Spawning Pool  
  15  0:44  Drone  
  15  0:48  Drone  
  17  1:10  Hatchery  
  16  1:14  Drone  
  16  1:17  Extractor  
  16  1:20  Drone  
  16  1:24  Drone  
  18  1:28  Drone  
  19  1:38  Overlord  
  19  1:49  Drone  
  19  1:51  Queen  
  22  1:59  Zergling x2  
  23  2:09  Extractor  
  23  2:12  Drone  
  23  2:21  Queen, Drone x2  
  27  2:32  Drone x2  
  29  2:46  Roach Warren  
  29  2:47  Drone  
  29  2:50  Drone  
  30  2:54  Zergling x2  
  30  2:56  Zergling x2  
  32  3:02  Overlord  
  32  3:05  Drone  
  32  3:09  Drone  
  34  3:27  Roach  
  34  3:28  Roach x3  
  34  3:33  Lair  
  42  3:37  Overlord  
  42  3:43  Overlord  
  42  3:47  Zergling x2  
  43  3:50  Zergling x2  
  44  3:55  Zergling x2  
  44  3:56  Drone  
  44  3:57  Drone  
  44  4:00  Drone  
  49  4:02  Drone  
  49  4:05  Drone  
  49  4:09  Roach  
  52  4:13  Roach  
  54  4:18  Overlord  
  54  4:25  Drone  
  54  4:27  Drone  
  54  4:29  Drone  
  57  4:31  Drone  
  57  4:34  Drone, Infestation Pit  
  57  4:37  Overlord  
  58  4:41  Overlord  
  58  4:45  Roach  
  60  4:47  Roach  
  62  5:04  Hydralisk Den  
  61  5:08  Drone  
  61  5:10  Drone  
  61  5:11  Drone  
  61  5:12  Infestor x2  
  61  5:13  Drone, Infestor  
  71  5:15  Drone  
  71  5:16  Drone  
  71  5:20  Overlord  
  73  5:22  Drone  
  73  5:24  Drone  
  73  5:26  Drone  
  73  5:27  Drone  
  77  5:29  Drone  
  77  5:31  Drone  
  77  5:34  Hydralisk  
  77  5:35  Hydralisk  
  83  5:37  Hydralisk  
  83  5:40  Overlord  
  81  5:50  Hydralisk  
  81  5:52  Drone  
  81  5:53  Drone  
  81  5:55  Drone  
  80  5:58  Drone  
  80  6:01  Drone  
  80  6:04  Drone  
  80  6:06  Drone  
  80  6:08  Drone  
  80  6:11  Drone  
  80  6:12  Drone  
  80  6:16  Roach  
  82  6:19  Hydralisk  
  82  6:22  Hydralisk  
  84  6:27  Hydralisk  
  84  6:32  Overseer, Roach, Zergling x2  
  81  6:35  Roach  
  81  6:39  Roach  
  79  6:42  Drone, Roach, Extractor  
  79  6:46  Roach  
  70  6:53  Extractor  
  66  6:54  Zergling x2, Drone  
  66  6:55  Hydralisk  
  66  7:00  Drone  
  60  7:03  Drone  
  60  7:05  Drone  
  56  7:10  Hydralisk, Drone  
  56  7:12  Zergling x2  
  54  7:18  Roach  
Tags
 
Add a new tag
Caveats
  • Supply blocks, unpowered buildings, or Contaminate may cause inaccurate times.
  • Supply counts are checked every 10 seconds.